AoeStats
← xxzxg_Nono

Black Forest

510275685Analyzed
3v3 RM · 2d ago on Sep 30, 2026· 54m 15s· 6 players
Game mode
Random Map
Map size
Normal (6 player)
Population
200
Speed
Normal
Resources
Standard
Victory
Conquest
Starting age
Dark Age
Ending age
Imperial Age
RankedLock teamsTeams togetherTeam positionsShared explorationLock speedFull tech treeHidden civsTurbo modeCheats
Victory
Defeat
🇷🇺 Saxons · Russia
1141
+13
🇵🇱 Byzantines · Poland
1091
+15
1079
+16
🇳🇱 Malay · Netherlands
1136
-17
🇪🇨 Khmer · Ecuador
1050
-14
🇨🇳 Koreans · China
1040
-13
tiwaz55
3:33 Loom
11:53 Feudal Age
16:26 Castle Age
14:48 Double-Bit Axe
15:55 Stone Mining
16:11 Horse Collar
19:54 Bow Saw
23:01 Heavy Plow
27:40 Wheelbarrow
27:14 Gold Mining
30:24 Imperial Age
27:58 Gold Mining
29:01 Hand Cart
28:56 Treadmill Crane
30:32 Ballistics
30:49 Padded Archer Armor
30:42 Fletching
32:58 Chemistry
33:17 Conscription
34:14 Bodkin Arrow
35:46 Murder Holes
36:17 Bracer
37:40 Padded Archer Armor
37:14 Capped Ram
38:04 Caravan
41:52 Leather Archer Armor
41:40 Scale Mail Armor
41:05 Pikeman
42:27 Hoardings
43:09 Elite Skirmisher
44:23 Elite Varangian Guard
49:08 Crop Rotation
50:38 Chain Mail Armor
50:34 Forging
50:55 Ring Archer Armor
52:11 Plate Mail Armor
54:25 Squires
54:11 Arson
Оплодотворил Лиона
8:46 Loom
11:03 Feudal Age
12:02 Double-Bit Axe
14:06 Fishing Lines
15:10 Wheelbarrow
18:12 Fishing Lines
18:32 Horse Collar
22:36 Castle Age
28:37 Bow Saw
28:29 Heavy Plow
33:17 Kamandaran
33:44 Fletching
35:25 Stone Mining
35:25 Gold Mining
35:31 Gold Mining
35:50 Bodkin Arrow
36:51 Padded Archer Armor
38:23 Gold Shaft Mining
38:41 Town Watch
39:50 Leather Archer Armor
40:30 Stone Shaft Mining
45:28 Imperial Age
45:38 Imperial Age
45:42 Thumb Ring
44:57 Crossbowman
46:48 Crop Rotation
47:21 Two-Man Saw
47:28 Conscription
47:44 Ring Archer Armor
49:01 Hand Cart
48:47 Town Patrol
50:49 Ballistics
51:30 Chemistry
Vadan
2:39 Loom
13:09 Feudal Age
14:00 Double-Bit Axe
14:27 Horse Collar
15:57 Gold Mining
16:01 Stone Mining
20:23 Castle Age
20:52 Wheelbarrow
21:45 Bow Saw
21:38 Heavy Plow
26:00 Sanctity
25:49 Fletching
26:39 Town Watch
28:26 Bodkin Arrow
32:02 Ballistics
31:37 Murder Holes
32:14 Squires
31:59 Arson
35:41 Imperial Age
33:19 Scale Mail Armor
34:10 Forging
34:59 Chain Mail Armor
35:21 Masonry
35:51 Elite Hearth Troop
36:52 Conscription
35:57 Shield Wall
37:13 Hoardings
37:57 Plate Mail Armor
38:03 Iron Casting
40:31 Guilds
40:51 Coinage
40:23 Bracer
40:32 Siege Engineers
41:52 Gold Shaft Mining
41:54 Architecture
42:37 Chemistry
44:58 Banking
49:21 Two-Man Saw
KingHeeze
3:02 Loom
10:18 Feudal Age
10:30 Double-Bit Axe
17:18 Castle Age
17:17 Scale Barding Armor
18:02 Husbandry
18:46 Horse Collar
21:13 Forging
24:38 Iron Casting
24:15 Fishing Lines
28:16 Light Cavalry
30:22 Devotion
33:20 Imperial Age
32:34 Bow Saw
32:25 Heavy Plow
35:44 Blast Furnace
35:06 Gillnets
35:38 Squires
35:25 Arson
35:45 Cavalier
39:18 Chemistry
40:02 Wheelbarrow
40:47 Forced Levy
40:32 Man-at-Arms
41:55 Hand Cart
42:26 Siege Engineers
43:06 Ballistics
42:31 Long Swordsman
43:38 Conscription
44:00 Two-Handed Swordsman
44:51 Heated Shot
45:48 Crop Rotation
46:55 Capped Ram
xxzxg_Nono
1:08 Loom
12:02 Feudal Age
13:35 Horse Collar
19:21 Castle Age
20:45 Double-Bit Axe
22:35 Heavy Plow
23:02 Bow Saw
23:15 Fletching
23:57 Bodkin Arrow
25:37 Ballistics
27:42 Fortified Wall
27:23 Pikeman
29:41 Eupseong
30:31 Gold Mining
34:24 Imperial Age
32:22 Eupseong
32:40 Scale Barding Armor
32:38 Scale Mail Armor
33:39 Squires
36:07 Chemistry
35:28 Conscription
36:25 Two-Man Saw
36:32 Chain Mail Armor
36:21 Bracer
39:07 Wheelbarrow
40:54 Hand Cart
40:45 Caravan
42:49 Siege Engineers
Bry.D
0:48 Loom
13:04 Feudal Age
13:52 Double-Bit Axe
13:51 Fishing Lines
22:03 Castle Age
20:51 Gold Mining
26:58 Imperial Age
24:19 Fletching
27:06 Wheelbarrow
27:42 Bodkin Arrow
28:37 Town Watch
29:10 Hand Cart
29:07 Bow Saw
29:20 Bracer
30:12 Heavy Scorpion
31:09 Town Patrol
32:07 Double Crossbow
33:53 Ballistics
37:20 Siege Engineers
38:15 Chemistry
41:04 Caravan
Connection lost

Rejoining the realm…

Still unreachable

The connection could not be restored.

Session expired

The server has moved on; the page needs a fresh start.